 Dungeon Crawl Stone Soup version 0.30.1-11-g7821555f0a (webtiles) character file.

Game seed: 1114331615463310235

23886 bearlyready the Fighter (level 12, -8/97 HPs)
             Began as a Demonspawn Ice Elementalist on Nov 12, 2023.
             Was an Elder of Makhleb.
             Shot with an arrow by a centaur warrior (18 damage)
             ... on level 13 of the Dungeon on Dec 3, 2023.
             The game lasted 00:40:19 (13584 turns).

bearlyready the Fighter (DsIE)                     Turns: 13584, Time: 00:40:20

Health: -8/97      AC: 11    Str:  8    XL:     12   Next: 75%
Magic:  0/19       EV: 17    Int: 18    God:    Makhleb [****..]
Gold:   235        SH: 16    Dex: 21    Spells: 10/21 levels left

rFire   . . .        b - +6 shillelagh "Devastator" {shatter}
rCold   . . .        U - +0 kite shield
rNeg    . . .        M - +0 acid dragon scales
rPois   +            (helmet restricted)
rElec   .            (no cloak)
rCorr   +            m - +2 pair of gloves "Jaats" {rPois rCorr Str-2 Dex+5 Slay+2}
SInv    .            d - +0 pair of boots
Will    .....        k - amulet of reflection
Stlth   ++           x - ring of wizardry
HPRegen 0.36/turn    Y - +4 ring of slaying
MPRegen 0.32/turn

%: reflection, guardian spirit, wizardry (x1)
@: freezing walls, slowed, very slow
A: horns 1, repulsion field 2, magic shield, magic regeneration, condensation
shield
a: Renounce Religion, Minor Destruction, Lesser Servant of Makhleb, Major
Destruction


You were on level 13 of the Dungeon.
You worshipped Makhleb.
Makhleb was greatly pleased with you.
You visited 2 branches of the dungeon, and saw 14 of its levels.
You also visited: Bailey and Gauntlet.

You collected 877 gold pieces.
You spent 642 gold pieces at shops.

Inventory:

Hand Weapons
 a - a +0 whip of electrocution
 b - the +6 shillelagh "Devastator" (weapon) {shatter}
   (You found it on level 5 of the Dungeon)
 T - a +1 dire flail
 W - a +0 morningstar
Missiles
 I - 7 throwing nets
Armour
 d - a +0 pair of boots (worn)
 g - a +2 pair of gloves
 m - the +2 pair of gloves "Jaats" (worn) {rPois rCorr Str-2 Dex+5 Slay+2}
   (You found it in a Gauntlet)

   Str:       It affects your strength (-2).
   Dex:       It affects your dexterity (+5).
   Slay:      It affects your accuracy & damage with ranged weapons and melee
   (+2).
   rPois:     It protects you from poison.
   rCorr:     It protects you from acid and corrosion.
 n - an orb of mayhem
 u - an orb of wrath
 M - +0 acid dragon scales (worn)
 U - a +0 kite shield (worn)
Jewellery
 f - a ring of fire
 k - an amulet of reflection (around neck)
 t - a ring of ice
 x - a ring of wizardry (left hand)
 D - a ring of wizardry
 E - the amulet of the Air {Inacc Air Fly rElec RMsl}
   (You took it off a centaur on level 12 of the Dungeon)

   [amulet of nothing]

   Inacc:     It reduces the accuracy of your attacks and spells.
   Air:       It enhances your air magic.
   rElec:     It insulates you from electricity.
   Fly:       It grants you flight.
   RMsl:      It protects you from missiles.
 G - a ring of protection from fire
 Y - a +4 ring of slaying (right hand)
Wands
 c - a wand of roots (6)
 h - a wand of flame (30)
 Z - a wand of polymorph (5)
Scrolls
 i - 2 scrolls of magic mapping
 j - 4 scrolls of enchant armour
 l - 4 scrolls of noise
 r - 3 scrolls of fog
 v - 2 scrolls of blinking
 w - 5 scrolls of fear
 y - a scroll of summoning
 C - 3 scrolls of vulnerability
 F - a scroll of identify
 H - 2 scrolls of silence
 J - 3 scrolls of enchant weapon
 L - 6 scrolls of teleportation
 N - a scroll of poison {unknown}
 Q - 2 scrolls of immolation {unknown}
Potions
 e - 5 potions of heal wounds
 o - 3 potions of attraction
 p - 5 potions of cancellation {unknown}
 q - 4 potions of mutation {unknown}
 s - 5 potions of curing
 z - 3 potions of lignification {unknown}
 A - 4 potions of flight {unknown}
 B - 3 potions of haste
 K - 2 potions of degeneration {unknown}
 O - 3 potions of brilliance {unknown}
 P - 4 potions of magic
 R - 3 potions of invisibility
 S - a potion of berserk rage {unknown}
 V - a potion of resistance {unknown}


   Skills:
 - Level 10.3 Fighting
 + Level 8.8 Maces & Flails
 - Level 5.4 Armour
 - Level 8.0 Dodging
 - Level 1.7 Stealth
 + Level 6.3 Shields
 - Level 5.0 Spellcasting
 - Level 2.0 Summonings
 - Level 6.0 Ice Magic
 - Level 8.1 Invocations
 - Level 5.0 Evocations


You had 10 spell levels left.
You knew the following spells:

 Your Spells              Type           Power      Damage    Failure   Level
a - Freeze                Ice            100%       1d10      3%          1
b - Frozen Ramparts       Ice            52%        1d8       11%         3
c - Ozocubu's Armour      Ice            26%        N/A       11%         3
d - Summon Ice Beast      Ice/Summ       18%        N/A       56%         4

Your spell library contained the following spells:

 Spells                   Type           Power      Damage    Failure   Level
 Summon Small Mammal      Summ           44%        N/A       17%         1
 Hailstorm                Conj/Ice       15%        3d5       32%         3
 Apportation              Tloc           8%         N/A       36%         1
 Necrotise                Necr           16%        1d4       36%         1
 Sting                    Tmut/Pois      16%        1d3       36%         1
 Cigotuvi's Dreadful Rot  Necr/Pois/Air  8%         N/A       50%         2
 Poisonous Vapours        Pois/Air       8%         N/A       50%         2
 Ignite Poison            Fire/Tmut/Pois 4%         N/A       71%         3
 Inner Flame              Hex/Fire       4%         N/A       71%         3
 Portal Projectile        Hex/Tloc       8%         N/A       71%         3
 Tukima's Dance           Hex            4%         N/A       71%         3
 Ice Form                 Ice/Tmut       15%        N/A       71%         4
 Flame Wave               Conj/Fire      4%         2d5       98%         4
 Olgreb's Toxic Radiance  Pois           4%         N/A       98%         4
 Sticky Flame             Conj/Fire      4%         2d3       98%         4
 Freezing Cloud           Conj/Ice/Air   5%         6-21      99%         5
 Blade Hands              Tmut           2%         N/A       100%        5
 Simulacrum               Ice/Necr       7%         N/A       100%        6
 Ignition                 Fire           2%         3d3       100%        8


Dungeon Overview and Level Annotations

Branches:
Dungeon (13/15)            Temple (1/1) D:5            Lair (0/5) D:10
    Orc (0/2) D:9          Bailey (visited)         Gauntlet (visited)
 Vaults: D:13-14

Altars:
Ashenzari
Cheibriados
Dithmenos
Fedhas
Gozag
Hepliaklqana
Kikubaaqudgha
Makhleb
Nemelex Xobeh
Okawaru
Qazlal
Ru
Sif Muna
Trog
Uskayaw
Vehumet
Wu Jian
Xom
Yredelemnul

Shops:
D:2 =   D:8 *   D:12 ?

Annotations:
D:10 exclusion: oklob plant


Innate Abilities, Weirdness & Mutations

You have a pair of small horns on your head.
You are surrounded by a moderate repulsion field. (EV +3)
When hurt, damage is shared between your health and your magic reserves.
You regenerate magic rapidly.
A meltable shield of frost defends you. (SH +0)


Message History

The arrow hits the centaur warrior!
The wall freezes the cyclops!
The freezing wraith completely resists.
The wall freezes the freezing wraith but does no damage.
The freezing wraith closely misses you. The freezing wraith misses you.
The wall freezes the wraith but does no damage.
The wraith misses you.
You hit the freezing wraith but do no damage.
You headbutt the freezing wraith.
The freezing wraith is almost destroyed.
The wall freezes the centaur warrior.
The centaur warrior shoots an arrow.
The arrow barely misses you.
The wall freezes the centaur warrior but does no damage.
The centaur warrior shoots an arrow.
The arrow hits you!
The wall freezes the cyclops!
The wall freezes the freezing wraith but does no damage.
You block the freezing wraith's attack. The freezing wraith barely misses you.
The wall freezes the wraith but does no damage.
You block the wraith's attack.
The wall freezes the centaur warrior.
The centaur warrior shoots an arrow.
The arrow hits you!
* * * LOW HITPOINT WARNING * * *
You thump the freezing wraith!
You destroy the freezing wraith!
Makhleb accepts your kill.
The wall freezes the centaur warrior.
The centaur warrior shoots an arrow.
The arrow completely misses you.
The wraith resists.
The wall freezes the wraith.
You block the wraith's attack.
The wall freezes the cyclops!
The wall freezes the centaur warrior.
The centaur warrior shoots an arrow.
The arrow hits you!
* * * LOW HITPOINT WARNING * * *
The wall freezes the wraith but does no damage.
The wraith hits you.
* * * LOW HITPOINT WARNING * * *
The wraith resists.
The wall freezes the wraith.
You block the wraith's attack.
As you read the scroll of fear, it crumbles to dust.
You assume a fearsome visage.
The wraith is unaffected.
The centaur warrior looks frightened!
The cyclops looks frightened!
The wraith is unaffected.
The wall freezes the centaur warrior.
Your attack snaps the centaur warrior out of its fear.
The centaur warrior shoots an arrow.
The arrow hits you!!
You die...

..# # #.# ... ..
... ....# #.
..###....# ##.
##.#.#....#
.#...#...#.....#
.!....††#c#....#
#..CW#)#....####
#...#@#○........
#....#W#.<........
##..#.#....[......
.....#............
.....#.#....######.
#...#.#.....#
...#.#.#....#
.###.#.....#
#.#......#


You could see a centaur warrior (strong), a cyclops (fleeing) and 2 wraiths.

Vanquished Creatures
  2 great orbs of eyes
  2 vault guards (Bailey)
  A catoblepas (Gauntlet)
  A boulder beetle (D:13)
  A death knight (D:8)
  4 two-headed ogres
  A skeletal warrior (D:8)
  2 manticores (D:13)
  An ugly thing (Gauntlet)
  2 cyclopes
  A smoke demon (Gauntlet)
  2 gargoyles
  A yaktaur (D:13)
  An unseen horror (D:12)
  3 freezing wraiths
  5 trolls
  A meliai (D:13)
  A hornet (D:9)
  Prince Ribbit (Bailey)
  A shadow (D:11)
  2 wraiths
  16 yaks
  8 humans (Bailey)
  3 wyverns
  A redback (shapeshifter) (D:13)
  Menkaure (D:6)
  An acid dragon (D:11)
  A water moccasin (D:6)
  An ice beast (D:5)
  3 orc warriors
  2 sky beasts (D:7)
  2 ogres (D:5)
  A black bear (D:6)
  7 centaurs
  4 kobold brigands
  Blork the orc (D:5)
  8 bullfrogs
  2 gnoll sergeants (D:10)
  2 scorpions
  13 wights
  33 killer bees
  An electric eel (D:9)
  6 howler monkeys
  2 crimson imps (Gauntlet)
  4 hounds
  2 jellies
  A gnoll bouda (D:5)
  3 orc priests
  3 sleepcaps
  3 iguanas
  15 orc wizards
  15 gnolls
  10 adders
  A white imp (D:8)
  6 worms
  A dart slug (D:2)
  36 orcs
  4 endoplasms
  6 giant cockroaches
  12 goblins
  6 hobgoblins
  2 jackals (D:4)
  25 kobolds
  3 quokkas
  4 ball pythons
  2 bats (D:2)
  5 frilled lizards
  3 rats (D:1)
327 creatures vanquished.

Vanquished Creatures (collateral kills)
  A gnoll sergeant (D:9)
  A wight (D:9)
  A crimson imp (Gauntlet)
  2 gnolls (D:9)
5 creatures vanquished.

Vanquished Creatures (others)
  A gargoyle (Gauntlet)
  A kobold (D:9)
2 creatures vanquished.

Grand Total: 334 creatures vanquished

Notes
Turn   | Place    | Note
-------+----------+-------------------------------------------
     0 | D:1      | bearlyready the Demonspawn Ice Elementalist began the quest
                  | for the Orb.
     0 | D:1      | Reached XP level 1. HP: 13/13 MP: 3/3
   209 | D:1      | Gained mutation: A meltable shield of frost defends you.
                  | (SH +0) [demonic ancestry]
   209 | D:1      | Reached XP level 2. HP: 19/19 MP: 5/5
   679 | D:2      | Gained mutation: You regenerate magic rapidly. [demonic
                  | ancestry]
   679 | D:2      | Reached XP level 3. HP: 25/25 MP: 6/6
   969 | D:2      | Reached skill level 1 in Fighting
  1018 | D:2      | Found Boymp's Jewellery Boutique.
  1386 | D:3      | Reached XP level 4. HP: 30/32 MP: 4/8
  1441 | D:3      | Learned a level 3 spell: Frozen Ramparts
  1629 | D:3      | Found a hazy altar of Hepliaklqana.
  2270 | D:4      | Reached skill level 2 in Fighting
  2270 | D:4      | Gained mutation: You are surrounded by a mild repulsion
                  | field. (EV +2) [demonic ancestry]
  2270 | D:4      | Reached XP level 5. HP: 20/38 MP: 5/10
  2615 | D:4      | Found a bloodstained altar of Trog.
  2951 | D:5      | Entered Level 5 of the Dungeon
  3078 | D:5      | Gained mutation: You have a pair of small horns on your
                  | head. [demonic ancestry]
  3078 | D:5      | Reached XP level 6. HP: 28/46 MP: 8/11
  3206 | D:5      | Reached skill level 3 in Fighting
  3246 | D:5      | Noticed Blork the orc
  3256 | D:5      | Killed Blork the orc
  3260 | D:5      | Found a staircase to the Ecumenical Temple.
  3482 | D:5      | Found a shimmering blue altar of Sif Muna.
  3486 | D:5      | Noticed an ice beast
  3514 | D:5      | Reached XP level 7. HP: 42/53 MP: 5/13
  3600 | D:5      | Reached skill level 4 in Fighting
  3719 | D:5      | Reached skill level 1 in Evocations
  3819 | D:5      | Reached skill level 5 in Spellcasting
  3875 | D:5      | Found an ornate altar of the Wu Jian Council.
  4023 | D:5      | Found the +6 shillelagh "Devastator" {shatter}
  4033 | D:5      | Reached XP level 8. HP: 51/61 MP: 13/15
  4362 | Temple   | Entered the Ecumenical Temple
  4678 | Temple   | Became a worshipper of Makhleb the Destroyer
  5001 | D:6      | Reached skill level 5 in Fighting
  5001 | D:6      | Reached skill level 5 in Dodging
  5252 | D:6      | Reached skill level 6 in Fighting
  5305 | D:6      | Reached skill level 5 in Ice Magic
  5363 | D:6      | Found a basalt altar of Yredelemnul.
  5380 | D:6      | Noticed Menkaure
  5643 | D:7      | Learned a level 3 spell: Ozocubu's Armour
  5648 | D:7      | Learned a level 4 spell: Summon Ice Beast
  5672 | D:7      | Reached XP level 9. HP: 58/70 MP: 10/16
  5819 | D:7      | Reached skill level 1 in Summonings
  5868 | D:7      | Reached skill level 1 in Invocations
  6171 | D:7      | Reached * piety under Makhleb
  6608 | D:7      | Reached skill level 7 in Fighting
  6608 | D:7      | Reached skill level 1 in Maces & Flails
  6770 | D:8      | Found Nogit's Assorted Antiques.
  6775 | D:8      | Noticed a freezing wraith
  7613 | D:8      | Noticed a skeletal warrior
  7650 | D:9      | Noticed a two-headed ogre
  7821 | D:9      | Found a staircase to the Orcish Mines.
  7913 | D:9      | Found a radiant altar of Vehumet.
  7914 | D:9      | Found a stormy altar of Qazlal.
  8055 | D:9      | Gained mutation: You are surrounded by a moderate repulsion
                  | field. (EV +3) [demonic ancestry]
  8055 | D:9      | Reached XP level 10. HP: 73/79 MP: 4/17
  8100 | D:9      | Found a hide-covered altar of Uskayaw.
  8261 | D:9      | Reached ** piety under Makhleb
  8713 | D:6      | Killed Menkaure
  9277 | D:8      | Killed a skeletal warrior
  9278 | D:8      | Reached skill level 8 in Fighting
  9278 | D:8      | Reached skill level 1 in Armour
  9318 | D:8      | Noticed a death knight
  9327 | D:8      | Killed a death knight
  9328 | D:8      | Reached skill level 5 in Invocations
  9494 | D:8      | Bought 3 scrolls of teleportation for 261 gold pieces
  9990 | D:10     | Entered Level 10 of the Dungeon
  9996 | D:10     | Found a flagged portal.
 10040 | D:10     | Reached XP level 11. HP: 87/87 MP: 13/18
 10106 | Bailey   | Entered a bailey
 10157 | Bailey   | Reached *** piety under Makhleb
 10165 | Bailey   | Reached skill level 5 in Maces & Flails
 10191 | Bailey   | Noticed a vault guard
 10191 | Bailey   | Noticed Prince Ribbit
 10201 | Bailey   | Killed Prince Ribbit
 10202 | Bailey   | Reached skill level 9 in Fighting
 10207 | Bailey   | Killed a vault guard
 10354 | Bailey   | Noticed a vault guard
 10368 | Bailey   | Killed a vault guard
 10749 | D:10     | Reached skill level 5 in Evocations
 10797 | D:10     | Found a staircase to the Lair.
 10797 | D:10     | Noticed an oklob plant
 11193 | D:11     | Noticed a two-headed ogre
 11198 | D:11     | Killed a two-headed ogre
 11456 | D:11     | Reached skill level 1 in Shields
 11656 | D:11     | Noticed a two-headed ogre
 11664 | D:11     | Killed a two-headed ogre
 11665 | D:11     | Reached skill level 5 in Armour
 11929 | D:12     | Found a gate leading to a gauntlet.
 11940 | Gauntlet | Entered a Gauntlet
 11940 | Gauntlet | Found a transporter.
 11940 | Gauntlet | Found a transporter.
 11940 | Gauntlet | Found a transporter.
 11950 | Gauntlet | Found a transporter.
 11953 | Gauntlet | Found a transporter.
 11958 | Gauntlet | Noticed a fire crab
 11962 | Gauntlet | Found a transporter.
 11964 | Gauntlet | Found a transporter.
 11968 | Gauntlet | Noticed a large abomination
 11970 | Gauntlet | Found a runed translucent gate.
 11970 | Gauntlet | Found a runed translucent gate.
 11970 | Gauntlet | Found a runed translucent gate.
 11972 | Gauntlet | Found a transporter.
 11986 | Gauntlet | Noticed a purple ugly thing
 11988 | Gauntlet | Noticed a great orb of eyes
 11990 | Gauntlet | Found a transporter.
 11996 | Gauntlet | Found a transporter.
 11998 | Gauntlet | Found a transporter.
 12003 | Gauntlet | Noticed a catoblepas
 12008 | Gauntlet | Found a transporter.
 12167 | Gauntlet | Killed a catoblepas
 12168 | Gauntlet | Reached skill level 10 in Fighting
 12168 | Gauntlet | Gained mutation: When hurt, damage is shared between your
                  | health and your magic reserves. [demonic ancestry]
 12168 | Gauntlet | Reached XP level 12. HP: 42/97 MP: 19/19
 12333 | Gauntlet | Paralysed by a great orb of eyes for 5 turns
 12347 | Gauntlet | Killed a great orb of eyes
 12505 | Gauntlet | Identified the +2 pair of gloves "Jaats" {rPois rCorr Str-2
                  | Dex+5 Slay+2}
 12538 | Gauntlet | Noticed a minotaur
 12551 | Gauntlet | HP: 2/97 [minotaur (27)]
 12845 | D:12     | Killed a two-headed ogre
 12975 | D:12     | Found Adevir's Magic Scroll Boutique.
 12978 | D:12     | Bought a scroll of blinking for 112 gold pieces
 12978 | D:12     | Bought a scroll of blinking for 112 gold pieces
 12978 | D:12     | Bought a scroll of teleportation for 45 gold pieces
 12978 | D:12     | Bought a scroll of enchant armour for 112 gold pieces
 13418 | D:12     | Reached **** piety under Makhleb
 13529 | D:13     | Noticed a boulder beetle
 13539 | D:13     | Noticed a great orb of eyes
 13541 | D:13     | Noticed a two-headed ogre
 13554 | D:13     | Killed a two-headed ogre
 13555 | D:13     | Reached skill level 5 in Shields
 13558 | D:13     | Killed a great orb of eyes
 13574 | D:13     | Killed a boulder beetle
 13575 | D:13     | Noticed a centaur warrior
 13584 | D:13     | Shot with an arrow by a centaur warrior

Illustrated notes

Levels and vault maps discovered:
D:1:      psy_arrival_conway, layout_basic
D:2:      layout_basic, serial_shops, nicolae_shop_statue_plus
D:3:      layout_loops_ring, mainiacjoe_overflow_chevrons
D:4:      layout_basic, lightli_temple_of_fire, lemuel_tele_altar
D:5:      layout_basic, led_sif_book, mainiacjoe_overflow_big_doors,
          minmay_temple_entry_junction, serial_curves, eino_curves_03,
          eino_curves_01, dilly_guarded_unrand_devastator, uniq_blork_the_orc
D:6:      layout_basic, mainiacjoe_overflow_24_doors, uniq_menkaure
D:7:      layout_basic
D:8:      layout_basic, serial_shops, nicolae_stop_n_shop_2
D:9:      layout_stronghold, nicolae_overflow_squiral, kennysheep_mini,
          orc_0_dummy
D:10:     layout_irregular_city, dpeg_oklobed_lair, enter_bailey_5,
          hangedman_decor_push
D:11:     layout_gridville
D:12:     layout_gridville, serial_shops, nicolae_shop_real_fake_doors,
          gauntlet_entry_generic
D:13:     hangedman_what_comes_after_a, layout_irregular_city, zin_purify
Temple:   minmay_temple_forest_path

Skill      XL: |  1  2  3  4  5  6  7  8  9 10 11 12 |
---------------+-------------------------------------+-----
Ice Magic      | 4 5 6 |  6.0
Dodging        | 2 3 4 6 7 8 |  8.0
Fighting       | 1 2 3 4 6 7 8 10 | 10.3
Spellcasting   | 3 4 5 |  5.0
Evocations     | 2 3 5 |  5.0
Summonings     | 2 |  2.0
Invocations    | 3 6 8 |  8.1
Maces & Flails | 2 4 6 8 |  8.8
Armour         | 3 5 |  5.4
Shields        | 2 6 |  6.3
Stealth        | |  1.7

Action                     |  1- 3 |  4- 6 |  7- 9 | 10-12 || total
---------------------------+-------+-------+-------+-------++-------
  Melee: Whip              |       |       |    97 |    66 ||   163
         Headbutt          |       |       |    24 |    73 ||    97
         Short sword       |       |       |    14 |       ||    14
         Punch             |       |       |     3 |     5 ||     8
         Shillelagh        |       |       |       |   278 ||   278
   Fire: Sling             |   135 |   142 |   192 |       ||   469
   Cast: Freeze            |     8 |    30 |    28 |       ||    66
         Frozen Ramparts   |       |    12 |    42 |    21 ||    75
         Ozocubu's Armour  |       |       |    10 |    21 ||    31
         Summon Ice Beast  |       |       |     1 |     3 ||     4
 Invoke: Lesser Servant of |       |       |       |     1 ||     1
         Minor Destruction |       |       |       |     1 ||     1
  Evoke: Wand              |       |       |     5 |    15 ||    20
    Use: Scroll            |       |     3 |     9 |     8 ||    20
         Potion            |       |       |     3 |     1 ||     4
   Stab: Sleeping          |       |       |     2 |     4 ||     6
 Armour: Robe              |    18 |    16 |    51 |    23 ||   108
         Acid dragon scale |       |       |       |    44 ||    44
  Dodge: Dodged            |    22 |    68 |   210 |   195 ||   495
  Block: Other             |    21 |    54 |   130 |   117 ||   322
         Reflection        |     1 |     2 |     7 |    18 ||    28
         Kite shield       |       |       |       |   143 ||   143
